NYP
AUBURN DOUBLEDAYS @ BROOKLYN CYCLONES
05/05/2044
 
TOP OF THE 1ST
Auburn Doubledays batting - Pitching for Brooklyn Cyclones : RHP Richard Pye
Pitching: RHP Richard Pye
Batting: RHB Travis Stanley 0-0: Ball
1-0: Ball
2-0: Called Strike
2-1: Foul Ball, location: 2F
2-2: Strikes out swinging
Batting: RHB Ryan Hiemer 0-0: Ball
1-0: Ground out 1-3 (Groundball, P, EV 67.5 MPH)
Batting: LHB John Luke 0-0: Foul Ball, location: 2F
0-1: Ball
1-1: Ball
2-1: DOUBLE (Line Drive, 78D, EV 111.2 MPH)
Batting: RHB Slavik Nebrodov 0-0: Called Strike
0-1: Ball
1-1: Ball
2-1: DOUBLE (Line Drive, 7LS, EV 95.0 MPH)
John Luke scores
Batting: LHB Nate Melendez 0-0: Called Strike
0-1: SINGLE (Groundball, 34D, EV 100.6 MPH)
Slavik Nebrodov to third
Runner from 3rd tries for Home, SAFE, throw by RF to home
Batting: LHB Elias Posada 0-0: Ball
1-0: Fly out, F5 (Popup, 5SF, EV 86.9 MPH)
Top of the 1st over - 2 runs, 3 hits, 0 errors, 1 left on base; Auburn 2 - Brooklyn 0
BOTTOM OF THE 1ST
Brooklyn Cyclones batting - Pitching for Auburn Doubledays : LHP Jason Wasson
Pitching: LHP Jason Wasson
Batting: RHB Tony Oria 0-0: Called Strike
0-1: Ball
1-1: Ground out 6-3 (Groundball, 6, EV 88.1 MPH)
Batting: RHB Tony Infante 0-0: Ball
1-0: Swinging Strike
1-1: Ball
2-1: Swinging Strike
2-2: Ball
3-2: Ground out 4-3 (Groundball, 4, EV 81.9 MPH)
Batting: LHB Victor Ferrermena 0-0: Called Strike
0-1: Foul Ball, location: 2F
0-2: Ball
1-2: Ball
2-2: Foul Ball, location: 2F
2-2: Foul Ball, location: 2F
2-2: Strikes out swinging
Bottom of the 1st over - 0 runs, 0 hits, 0 errors, 0 left on base; Auburn 2 - Brooklyn 0
TOP OF THE 2ND
Auburn Doubledays batting - Pitching for Brooklyn Cyclones : RHP Richard Pye
Batting: RHB Joe Young 0-0: Ball
1-0: Ground out 6-3 (Groundball, 6, EV 106.2 MPH)
Batting: RHB Joe Klein 0-0: Called Strike
0-1: Ball
1-1: Ball
2-1: Called Strike
2-2: Strikes out swinging
Batting: RHB David Rojas 0-0: SINGLE (Groundball, 6D, EV 99.4 MPH)
Batting: RHB Travis Stanley 0-0: Ball
1-0: Ball
2-0: Ball
3-0: Base on Balls
David Rojas to second
Batting: RHB Ryan Hiemer 0-0: Ball
1-0: Ball
2-0: Foul Ball, location: 2F
2-1: Swinging Strike
2-2: Strikes out swinging
Top of the 2nd over - 0 runs, 1 hit, 0 errors, 2 left on base; Auburn 2 - Brooklyn 0
BOTTOM OF THE 2ND
Brooklyn Cyclones batting - Pitching for Auburn Doubledays : LHP Jason Wasson
Batting: RHB Corban Stavrakis 0-0: Ball
1-0: Foul Ball, location: 2F
1-1: Fly out, F3 (Line Drive, 3, EV 73.1 MPH)
Batting: LHB Adam Barry 0-0: Called Strike
0-1: Ball
1-1: Called Strike
1-2: Strikes out swinging
Batting: RHB Leo Roman 0-0: Ball
1-0: Called Strike
1-1: Called Strike
1-2: Strikes out swinging
Bottom of the 2nd over - 0 runs, 0 hits, 0 errors, 0 left on base; Auburn 2 - Brooklyn 0
TOP OF THE 3RD
Auburn Doubledays batting - Pitching for Brooklyn Cyclones : RHP Richard Pye
Batting: LHB John Luke 0-0: Ball
1-0: Called Strike
1-1: Ball
2-1: Ball
3-1: Swinging Strike
3-2: Base on Balls
Batting: RHB Slavik Nebrodov 0-0: Ball
1-0: Ball
2-0: Grounds into double play, 6-4-3 (Groundball, 56, EV 100.6 MPH)
Batting: LHB Nate Melendez 0-0: Foul Ball, location: 2F
0-1: Swinging Strike
0-2: DOUBLE (Line Drive, 78D, EV 103.1 MPH)
Batting: LHB Elias Posada 0-0: Ball
1-0: Ball
2-0: Ground out 4-3 (Groundball, 34D, EV 106.9 MPH)
Top of the 3rd over - 0 runs, 1 hit, 0 errors, 1 left on base; Auburn 2 - Brooklyn 0
BOTTOM OF THE 3RD
Brooklyn Cyclones batting - Pitching for Auburn Doubledays : LHP Jason Wasson
Batting: LHB Kodai Furuki 0-0: Called Strike
0-1: Ball
1-1: Ball
2-1: Ball
3-1: SINGLE (Groundball, 4MD, EV 100.6 MPH)
Batting: SHB Julio Ramos 0-0: Called Strike
0-1: Called Strike
0-2: Ball
1-2: Strikes out swinging
Batting: RHB Louwe Starmans 0-0: Foul Ball, location: 2F
0-1: Foul Ball, location: 2F
0-2: Ball
1-2: Ball
2-2: Foul Ball, location: 2F
2-2: Fielders Choice at 2nd, 6-4 (Groundball, 6, EV 104.4 MPH)
Batting: RHB Tony Oria 0-0: Ball
1-0: SINGLE (Groundball, 56D, EV 110.0 MPH)
Louwe Starmans to second
Batting: RHB Tony Infante 0-0: Foul Ball, location: 2F
0-1: Foul Ball, location: 2F
0-2: Ball
1-2: DOUBLE (Line Drive, 89M, EV 91.2 MPH)
Louwe Starmans scores
Tony Oria to third
Runner from 3rd tries for Home, SAFE, throw by CF to home
Batting: LHB Victor Ferrermena 0-0: Swinging Strike
0-1: Foul Ball, location: 2F
0-2: Strikes out looking
Bottom of the 3rd over - 2 runs, 3 hits, 0 errors, 1 left on base; Auburn 2 - Brooklyn 2
TOP OF THE 4TH
Auburn Doubledays batting - Pitching for Brooklyn Cyclones : RHP Richard Pye
Batting: RHB Joe Young 0-0: Called Strike
0-1: Ball
1-1: Called Strike
1-2: Ball
2-2: Foul Ball, location: 2F
2-2: Ground out 4-3 (Groundball, 4S, EV 83.8 MPH)
Batting: RHB Joe Klein 0-0: Ball
1-0: DOUBLE (Line Drive, 8LD, EV 95.0 MPH)
Batting: RHB David Rojas 0-0: Ground out 6-3 (Groundball, 6, EV 81.2 MPH)
Batting: RHB Travis Stanley 0-0: Ball
1-0: Called Strike
1-1: Ball
2-1: Ground out 6-3 (Groundball, 6, EV 111.2 MPH)
Top of the 4th over - 0 runs, 1 hit, 0 errors, 1 left on base; Auburn 2 - Brooklyn 2
BOTTOM OF THE 4TH
Brooklyn Cyclones batting - Pitching for Auburn Doubledays : LHP Jason Wasson
Batting: RHB Corban Stavrakis 0-0: Ball
1-0: Ball
2-0: Foul Ball, location: 2F
2-1: Ball
3-1: Base on Balls
Batting: LHB Adam Barry 0-0: Ball
1-0: Called Strike
1-1: Foul Ball, location: 2F
1-2: Foul Ball, location: 2F
1-2: Strikes out looking
Batting: RHB Leo Roman 0-0: Called Strike
0-1: Ball
Wild Pitch!
Corban Stavrakis to second
1-1: Fly out, F7 (Flyball, 78M, EV 88.1 MPH)
Batting: LHB Kodai Furuki 0-0: Ball
Wild Pitch!
Corban Stavrakis to third
1-0: Ball
2-0: Foul Ball, location: 2F
2-1: Swinging Strike
2-2: Ball
3-2: Strikes out swinging
Bottom of the 4th over - 0 runs, 0 hits, 0 errors, 1 left on base; Auburn 2 - Brooklyn 2
TOP OF THE 5TH
Auburn Doubledays batting - Pitching for Brooklyn Cyclones : RHP Richard Pye
Batting: RHB Ryan Hiemer 0-0: Ball
1-0: Ball
2-0: Ball
3-0: Foul Ball, location: 2F
3-1: Called Strike
3-2: Foul Ball, location: 2F
3-2: Foul Ball, location: 2F
3-2: Base on Balls
Batting: LHB John Luke 0-0: Called Strike
Ryan Hiemer steals 2nd base
0-1: Called Strike
0-2: Ball
Passed Ball!
Ryan Hiemer to third
1-2: Fly out, F7 (Flyball, 7D, EV 95.6 MPH)
Runner from 3rd tags up, SCORES, throw by LF
Batting: RHB Slavik Nebrodov 0-0: Called Strike
0-1: Ground out 6-3 (Groundball, 6, EV 81.9 MPH)
Batting: LHB Nate Melendez 0-0: Foul Ball, location: 2F
0-1: Swinging Strike
0-2: Strikes out swinging
Top of the 5th over - 1 run, 0 hits, 0 errors, 0 left on base; Auburn 3 - Brooklyn 2
BOTTOM OF THE 5TH
Brooklyn Cyclones batting - Pitching for Auburn Doubledays : LHP Jason Wasson
Batting: SHB Julio Ramos 0-0: Called Strike
0-1: Ball
1-1: Ground out 6-3 (Groundball, 6, EV 88.8 MPH)
Batting: RHB Louwe Starmans 0-0: Ball
1-0: Ball
2-0: Swinging Strike
2-1: Swinging Strike
2-2: Strikes out looking
Batting: RHB Tony Oria 0-0: Ground out 6-3 (Groundball, 56, EV 80.0 MPH)
Bottom of the 5th over - 0 runs, 0 hits, 0 errors, 0 left on base; Auburn 3 - Brooklyn 2
TOP OF THE 6TH
Auburn Doubledays batting - Pitching for Brooklyn Cyclones : RHP Richard Pye
Batting: LHB Elias Posada 0-0: Ball
1-0: Swinging Strike
1-1: Ball
2-1: Foul Ball, location: 2F
2-2: Ball
3-2: Base on Balls
Batting: RHB Joe Young 0-0: Ball
1-0: Ball
Elias Posada steals 2nd base
2-0: Called Strike
2-1: Ground out 6-3 (Groundball, 6D, EV 95.0 MPH)
Batting: RHB Joe Klein 0-0: Ball
1-0: Swinging Strike
1-1: Ground out U3 (Groundball, 23, EV 83.8 MPH)
Elias Posada to third
Batting: RHB David Rojas 0-0: Ball
1-0: Ball
2-0: SINGLE (Groundball, 34D, EV 98.1 MPH)
Elias Posada scores
Batting: RHB Travis Stanley 0-0: SINGLE (Groundball, 56D, EV 101.9 MPH)
David Rojas to second
Batting: RHB Ryan Hiemer 0-0: Ball
1-0: Ball
2-0: Called Strike
2-1: SINGLE (Groundball, 56D, EV 94.4 MPH)
David Rojas to third
Travis Stanley to second
Runner from 3rd tries for Home, SAFE, throw by LF to home
Travis Stanley to third
Ryan Hiemer to second
Now in LF: Julio Ramos
Now in CF: Mario Trujillo
Batting: LHB John Luke 0-0: Foul Ball, location: 2F
0-1: Ball
1-1: Ball
2-1: Ground out 6-3 (Groundball, 6S, EV 70.6 MPH)
Top of the 6th over - 2 runs, 3 hits, 0 errors, 2 left on base; Auburn 5 - Brooklyn 2
BOTTOM OF THE 6TH
Brooklyn Cyclones batting - Pitching for Auburn Doubledays : LHP Jason Wasson
Batting: RHB Tony Infante 0-0: Called Strike
0-1: Swinging Strike
0-2: Strikes out swinging
Batting: LHB Victor Ferrermena 0-0: Called Strike
0-1: Ball
1-1: Foul Ball, location: 2F
1-2: Foul Ball, location: 2F
1-2: Ball
2-2: Ball
3-2: Base on Balls
Batting: RHB Mario Trujillo 0-0: Called Strike
0-1: Ball
1-1: Called Strike
1-2: Ball
Wild Pitch!
Victor Ferrermena to second
2-2: Ball
3-2: Base on Balls
Batting: LHB Adam Barry 0-0: Ball
1-0: Foul Ball, location: 2F
1-1: Swinging Strike
1-2: Ball
2-2: Fielders Choice at 2nd, 4-6 (Groundball, 4, EV 88.1 MPH)
Victor Ferrermena to third
Batting: RHB Leo Roman 0-0: Ball
1-0: Ball
2-0: Called Strike
2-1: Foul Ball, location: 2F
2-2: Foul Ball, location: 2F
2-2: Foul Ball, location: 2F
2-2: Ground out 5-3 (Groundball, 56S, EV 86.9 MPH)
Bottom of the 6th over - 0 runs, 0 hits, 0 errors, 2 left on base; Auburn 5 - Brooklyn 2
TOP OF THE 7TH
Auburn Doubledays batting - Pitching for Brooklyn Cyclones : RHP Richard Pye
Pitching: RHP Alastair Henry
Batting: RHB Slavik Nebrodov 0-0: Called Strike
0-1: Ball
1-1: Ball
2-1: Foul Ball, location: 2F
2-2: Ball
3-2: Foul Ball, location: 2F
3-2: Strikes out looking
Batting: LHB Nate Melendez 0-0: Foul Ball, location: 2F
0-1: Ball
1-1: Ball
2-1: Foul Ball, location: 2F
2-2: Strikes out swinging
Batting: LHB Elias Posada 0-0: Ball
1-0: Ball
2-0: Ground out 4-3 (Groundball, 4S, EV 89.4 MPH)
Top of the 7th over - 0 runs, 0 hits, 0 errors, 0 left on base; Auburn 5 - Brooklyn 2
BOTTOM OF THE 7TH
Brooklyn Cyclones batting - Pitching for Auburn Doubledays : LHP Jason Wasson
Pitching: RHP Luis Galvez
Batting: LHB Kodai Furuki 0-0: Foul Ball, location: 2F
0-1: Ball
1-1: Foul Ball, location: 2F
1-2: Strikes out swinging
Batting: SHB Julio Ramos 0-0: Ball
1-0: Ball
2-0: Foul Ball, location: 2F
2-1: Ball
3-1: Base on Balls
Batting: RHB Louwe Starmans 0-0: Ball
1-0: Called Strike
1-1: Reached on error, E6 (Groundball, 6M, EV 106.9 MPH)
Julio Ramos to second
Pinch Hitting: LHB Javy Cavazos 0-0: Ball
1-0: Called Strike
1-1: Called Strike
1-2: Strikes out swinging
Batting: RHB Tony Infante 0-0: Ball
1-0: Foul Ball, location: 2F
1-1: Foul Ball, location: 2F
1-2: Ball
2-2: Ball
3-2: Base on Balls
Julio Ramos to third
Louwe Starmans to second
Batting: LHB Victor Ferrermena 0-0: Ball
Wild Pitch!
Julio Ramos scores
Louwe Starmans to third
Tony Infante to second
1-0: Ball
2-0: Ball
3-0: Base on Balls
Pinch Hitting: LHB Bill Fortin 0-0: Foul Ball, location: 2F
0-1: Foul Ball, location: 2F
0-2: DOUBLE (Line Drive, 78M, EV 101.2 MPH)
Louwe Starmans scores
Tony Infante scores
Victor Ferrermena to third
Pitching: RHP Brent Wainwright
Batting: LHB Adam Barry 0-0: Ball
1-0: Ball
2-0: Ball
3-0: Base on Balls
Batting: RHB Leo Roman 0-0: Ball
1-0: Called Strike
1-1: Ball
2-1: Foul Ball, location: 2F
2-2: Fly out, F4 (Flyball, 6MD, EV 88.1 MPH)
Bottom of the 7th over - 3 runs, 1 hit, 1 error, 3 left on base; Auburn 5 - Brooklyn 5
TOP OF THE 8TH
Auburn Doubledays batting - Pitching for Brooklyn Cyclones : RHP Alastair Henry
Pitching: LHP Jose Diaz
Now at 3B: Rongo Olopoto
Now in CF: Oscar Chairez
Batting: RHB Joe Young 0-0: Ball
1-0: Ball
2-0: Called Strike
2-1: Foul Ball, location: 2F
2-2: Ball
3-2: Foul Ball, location: 2F
3-2: Ground out 6-3 (Groundball, 6, EV 106.9 MPH)
Batting: RHB Joe Klein 0-0: Called Strike
0-1: Ball
1-1: Swinging Strike
1-2: Strikes out swinging
Batting: RHB David Rojas 0-0: Ball
1-0: Foul Ball, location: 2F
1-1: Swinging Strike
1-2: Strikes out swinging
Top of the 8th over - 0 runs, 0 hits, 0 errors, 0 left on base; Auburn 5 - Brooklyn 5
BOTTOM OF THE 8TH
Brooklyn Cyclones batting - Pitching for Auburn Doubledays : RHP Brent Wainwright
Pitching: LHP Juan Bonet
Batting: LHB Kodai Furuki 0-0: Called Strike
0-1: Ball
1-1: Foul Ball, location: 2F
1-2: DOUBLE (Line Drive, 7LM, EV 104.4 MPH)
Pitching: RHP Felipe Valencia
Batting: SHB Julio Ramos 0-0: Called Strike
0-1: Foul Ball, location: 2F
0-2: Ball
1-2: Ball
2-2: Foul Ball, location: 2F
2-2: Ball
3-2: Foul Ball, location: 2F
3-2: Base on Balls
Batting: RHB Louwe Starmans 0-0: Ball
1-0: Sac Bunt to 15 - play at first, batter OUT! 1-4
Kodai Furuki to third
Julio Ramos to second
Batting: RHB Oscar Chairez 0-0: Ground out 4-3 (Groundball, 4, EV 78.8 MPH)
Batting: RHB Tony Infante 0-0: Ball
Wild Pitch!
Kodai Furuki scores
Julio Ramos to third
1-0: Called Strike
1-1: Ball
2-1: Ball
3-1: Base on Balls
Batting: LHB Victor Ferrermena 0-0: Foul Ball, location: 2F
0-1: Ground out 1-3 (Groundball, 15S, EV 66.2 MPH)
Bottom of the 8th over - 1 run, 1 hit, 0 errors, 2 left on base; Auburn 5 - Brooklyn 6
TOP OF THE 9TH
Auburn Doubledays batting - Pitching for Brooklyn Cyclones : LHP Jose Diaz
Batting: RHB Travis Stanley 0-0: Called Strike
0-1: Ball
1-1: Fly out, F7 (Flyball, 7D, EV 98.1 MPH)
Batting: RHB Ryan Hiemer 0-0: Ball
1-0: SINGLE (Groundball, 4M, EV 81.9 MPH) (infield hit)
Batting: LHB John Luke 0-0: Called Strike
0-1: Fielders Choice at 2nd, 3-6 (Groundball, 3, EV 78.8 MPH)
Batting: RHB Slavik Nebrodov 0-0: Foul Ball, location: 2F
0-1: Ball
Wild Pitch!
John Luke to second
1-1: Ball
2-1: Swinging Strike
2-2: Strikes out looking
Top of the 9th over - 0 runs, 1 hit, 0 errors, 1 left on base; Auburn 5 - Brooklyn 6
Thursday, March 31st , 2022 - OOTP Baseball 22.12 Build 89